 Dungeon Crawl Stone Soup version 0.23-a0-448-g1c01f63 (console) character file.

1047 utis the Ducker (level 8, -4/40 HPs)
             Began as a Spriggan Earth Elementalist on Nov 20, 2018.
             Killed from afar by an orc wizard (7 damage)
             ... with a magic dart
             ... on level 6 of the Dungeon.
             The game lasted 00:20:51 (6387 turns).

utis the Ducker (Spriggan Earth Elementalist)       Turns: 6387, Time: 00:20:52

Health: -4/40      AC:  3    Str:  4    XL:     8   Next: 5%
Magic:  14/15      EV: 19    Int: 19    God:
Gold:   239        SH:  0    Dex: 16    Spells: 5/15 levels left

rFire    . . .     SeeInvis +   a - +2 whip (elec)
rCold    . . .     Gourm    .   (shield restricted)
rNeg     . . .     Faith    .   c - +1 robe
rPois    .         Spirit   .   (helmet restricted)
rElec    .         Reflect  .   (no cloak)
rCorr    .         Harm     .   (gloves unavailable)
MR       ++...                  (boots unavailable)
Stlth    ++........             (no amulet)
HPRegen  0.13/turn              M - ring of protection from magic
MPRegen  0.14/turn              (no ring)

@: very slightly contaminated, hasted, heavily drained, very quick
A: very small, unfitting armour, see invisible, herbivore, speed 3, slow
metabolism 2
a: no special abilities


You were on level 6 of the Dungeon.
You were very hungry.

You visited 1 branch of the dungeon, and saw 6 of its levels.

You collected 239 gold pieces.

Inventory:

Hand Weapons
 a - a +2 whip of electrocution (weapon)
 b - the +10 hunting sling "Lokkel" {freeze, Str+8 Int+6 Dex-3}
   (You found it on level 4 of the Dungeon)

   It causes projectiles fired from it to freeze those they strike, causing
   extra injury to most foes and up to half again as much damage against
   particularly susceptible opponents.
   They can also slow down cold-blooded creatures.
   It affects your strength (+8).
   It affects your intelligence (+6).
   It affects your dexterity (-3).
 e - a +0 dagger
 k - a +0 club
 s - a +2 spear of venom
 E - the +6 dagger of a Million Beggars {speed, Str+3}
   (You found it on level 4 of the Dungeon)

   Attacks with this weapon are significantly faster.
   It affects your strength (+3).
Missiles
 v - 46 sling bullets
 y - 72 stones (quivered)
Armour
 c - a +1 robe (worn)
 h - a +0 buckler
Jewellery
 o - an uncursed ring of fire {unknown}
 M - a ring of protection from magic (left hand)
Wands
 t - a wand of clouds (4)
Scrolls
 g - 4 scrolls of remove curse {@r2}
 j - 2 scrolls of fog
 q - a scroll of enchant armour
 w - 2 scrolls of identify {@r1}
 A - a scroll of magic mapping {unknown}
 B - 2 scrolls of amnesia {unknown}
 C - a scroll of teleportation {unknown}
 D - a scroll of blinking {unknown}
 F - a scroll of random uselessness {unknown}
Potions
 f - 2 potions of magic {unknown}
 i - 5 potions of curing {@q1}
 l - 2 potions of might {unknown}
 m - a potion of flight {unknown}
 n - 2 potions of berserk rage {!q}
 p - a potion of haste {@q3}
 r - a potion of brilliance {unknown}
 u - a potion of resistance {unknown}
 x - 4 potions of degeneration {unknown}
 z - a potion of mutation {unknown}
Comestibles
 d - 12 rations {@e1}


   Skills:
 - Level 3.0(1.7) Fighting
 - Level 1.1(0.0) Short Blades
 - Level 2.0(0.8) Maces & Flails
 - Level 5.1(3.8) Dodging
 - Level 3.0(1.7) Stealth
 + Level 4.3(3.0) Spellcasting
 - Level 3.0(1.7) Conjurations
 + Level 2.2(1.0) Transmutations
 + Level 5.1(3.8) Earth Magic


You had 5 spell levels left.
You knew the following spells:

 Your Spells              Type           Power        Failure   Level  Hunger
t - Stone Arrow           Conj/Erth      ##....       14%         3    ###....
w - Passwall              Tmut/Erth      ##......     9%          2    ##.....
y - Petrify               Tmut/Erth      ##......     50%         4    ####...
z - Sandblast             Erth           ###...       3%          1    None

Your spell library contained the following spells:

 Spells                   Type           Power        Failure   Level  Hunger
 Magic Dart               Conj           #...         8%          1    None
 Beastly Appendage        Tmut           #.....       10%         1    None
 Searing Ray              Conj           #.....       11%         2    ##.....
 Sticks to Snakes         Tmut           #.......     14%         2    ##.....
 Dazzling Spray           Conj/Hex       #.....       32%         3    ###....
 Spider Form              Tmut/Pois      #.........   36%         3    ###....
 Iskenderun's Mystic Bla  Conj           #.......     58%         4    ####...
 Lee's Rapid Deconstruct  Erth           ###.......   65%         5    ######.
 Force Lance              Conj/Tloc      #.......     71%         4    ####...
 Fulminant Prism          Conj/Hex       #.........   71%         4    ####...
 Ice Form                 Ice/Tmut       #.......     77%         4    ####...
 Blade Hands              Tmut           #.........   95%         5    ######.


Dungeon Overview and Level Annotations

Branches:
Dungeon (6/15)             Temple (0/1) D:5

Altars:
Dithmenos
Gozag
Hepliaklqana
Kikubaaqudgha
Qazlal
Trog
Wu Jian

Shops:
D:5 =%::


Innate Abilities, Weirdness & Mutations

You are very small and have problems with some larger weapons.
You are too small for most types of armour.
You have supernaturally acute eyesight. (SInv)
You are a herbivore.
You cover ground extremely quickly.
You need to consume almost no food.


Message History

The orc wizard is lightly wounded.
The orc wizard points at you and mumbles some strange words.
The magic dart hits you!
* * * LOW HITPOINT WARNING * * *
Casting: Sandblast (safe; 3% risk of failure)
Confirm with . or Enter, or press ? or * to list all spells.
Aiming: Sandblast (safe; 3% risk of failure)
Press: ? - help, Shift-Dir - straight line, f - orc wizard
Aim: an orc wizard, wielding a +0 dagger and wearing a +0 robe (lightly You miscast Sandblast.
You are very lightly contaminated with residual magic.
Nothing appears to happen.
The orc wizard gestures at you while chanting.
The magic dart hits you!
* * * LOW HITPOINT WARNING * * *
Unknown command.
You feel yourself speed up.
The orc wizard gestures at you while chanting.
The magic dart hits you!
You die...

░░░ ░░░░ ░.. ░... . ░.░
░.░░ ...░░░.░
░░░░░░░░░.░░ ░.....?░░░
░........... ░.o➘░
░.░░░░░░░.░░ ▒.▒i░░ ░.░░
░.░░ ▒Z▒..░ ░..░ ░...
..▒▒.░░ ░░.░ ░░░░
....▒..░ ░.░
...J.▒▒.░░░░.░ ░░░░░░
o......▒...░░.░░ ░.....
........▒▒..░...░░░.....
....▒.....▒..............
▒▒.)....░░.....


You could see an orc wizard.

Vanquished Creatures
  2 ice beasts
  3 ogres
  A centaur (D:5)
  A bullfrog (D:6)
  2 vampire bats (D:4)
  A quasit (D:5)
  A bullfrog zombie (D:5)
  A hound (D:4)
  A centaur skeleton (D:5)
  An iguana (D:4)
  3 worker ants
  A hound skeleton (D:6)
  5 adders
  A gnoll (D:1)
  4 oozes
  2 adder skeletons (D:4)
  4 worms
  2 dart slugs
  A leopard gecko (D:1)
  An orc (D:4)
  A ball python (D:1)
  3 bat skeletons (D:4)
  2 bat zombies (D:4)
  4 giant cockroaches
  10 goblins
  8 hobgoblins
  3 jackals
  4 quokkas
  5 bats
  10 frilled lizards
  7 kobolds
  11 rats
106 creatures vanquished.

Notes
Turn   | Place    | Note
-------+----------+-------------------------------------------
     0 | D:1      | utis the Spriggan Earth Elementalist began the quest for
                  | the Orb.
     0 | D:1      | Reached XP level 1. HP: 9/9 MP: 5/5
   235 | D:1      | Reached XP level 2. HP: 13/13 MP: 1/6
   689 | D:1      | thank you, rng
   735 | D:1      | Learned a level 2 spell: Passwall
   759 | D:1      | Reached XP level 3. HP: 16/16 MP: 8/8
   765 | D:1      | Learned a level 3 spell: Stone Arrow
  1707 | D:2      | Reached skill level 1 in Short Blades
  1746 | D:2      | doh
  1907 | D:2      | Reached XP level 4. HP: 21/21 MP: 9/9
  2074 | D:2      | Noticed an ogre
  2095 | D:2      | Killed an ogre
  2095 | D:2      | Reached skill level 1 in Fighting
  2095 | D:2      | Reached skill level 1 in Maces & Flails
  2095 | D:2      | Reached XP level 5. HP: 22/25 MP: 6/10
  2161 | D:2      | Found a faded altar of an unknown god.
  2641 | D:3      | Noticed an ice beast
  2666 | D:3      | Killed an ice beast
  2666 | D:3      | Reached skill level 5 in Dodging
  2926 | D:3      | Reached XP level 6. HP: 30/30 MP: 11/11
  3717 | D:4      | Found an opulent altar of Gozag.
  3778 | D:4      | Learned a level 4 spell: Petrify
  3782 | D:4      | Got a dazzling hunting sling
  3783 | D:4      | Identified the +10 hunting sling "Lokkel" {freeze, Str+8
                  | Int+6 Dex-3} (You found it on level 4 of the Dungeon)
  3854 | D:4      | Found an ancient bone altar of Kikubaaqudgha.
  3916 | D:4      | Reached skill level 1 in Conjurations
  3916 | D:4      | Reached XP level 7. HP: 36/36 MP: 9/13
  4070 | D:4      | Found a hazy altar of Hepliaklqana.
  4083 | D:4      | Found a stormy altar of Qazlal.
  4086 | D:4      | Found a shadowy altar of Dithmenos.
  4215 | D:4      | Noticed a moth of wrath
  4218 | D:4      | Found a bloodstained altar of Trog.
  4777 | D:5      | Entered Level 5 of the Dungeon
  4777 | D:5      | Found Qomih's Food Shoppe.
  4873 | D:5      | Found Qis Dan's Jewellery Emporium.
  4981 | D:5      | Found Vainymam's Book Boutique.
  4999 | D:5      | Found Qepej Abecw's Book Emporium.
  5120 | D:5      | Found a staircase to the Ecumenical Temple.
  5151 | D:5      | Reached skill level 5 in Earth Magic
  5511 | D:5      | Found an ornate altar of the Wu Jian Council.
  5812 | D:5      | Got a bloodstained long sword
  5870 | D:4      | Got a shimmering dagger
  5871 | D:4      | Identified the +6 dagger of a Million Beggars {speed,
                  | Str+3} (You found it on level 4 of the Dungeon)
  5873 | D:4      | Identified the +7 long sword of Power {slice, *Drain rPois
                  | rF+ rN+} (You found it on level 5 of the Dungeon)
  6128 | D:6      | Reached XP level 8. HP: 24/40 MP: 15/15
  6387 | D:6      | Killed from afar by an orc wizard

Vault maps used:
D:1:      psy_arrival_fountain, serial_corexii_hall, corexii_hall_statues_l,
          chequers_hall_statues_wall_a
D:2:      chequers_ecumenical_altar_island
D:3:      serial_bayou, serial_bayou_lake_a, serial_bayou_ford_a,
          serial_bayou_pond_c, serial_bayou_pond_b, serial_bayou_crossing,
          serial_bayou_pond_a
D:4:      tgw_trog, nicolae_gozag_cash_rules_everything_around_me,
          kennysheep_vampire_church, grunt_temple_overflow_diamond, first_ration
D:5:      kennysheep_little_box, minmay_temple_entry_arrows, serial_shops,
          nicolae_shop_behind_doors, shop_fountains, shop, shop,
          serial_co_window_serial, co_window_paths_a, co_window_paths_a,
          co_window_corner_a, co_window_of_opportunity_a, co_window_paths_a,
          co_window_cross_2, co_window_of_opportunity_b,
          co_window_of_opportunity_b, co_window_paths_c, co_window_broadway_a,
          glass_columns_c, glass_columns_b, glass_columns_b
D:6:      minmay_skewed_foursquare

Skill      XL: |  1  2  3  4  5  6  7 |
---------------+----------------------+-----
Earth Magic    | 3 4 5 |  5.1
Short Blades   | 1 |  1.1
Fighting       | 1 2 3 |  3.0
Maces & Flails | 1 2 |  2.0
Dodging        | 4 5 |  5.1
Spellcasting   | 3 4 |  4.3
Conjurations   | 1 3 |  3.0
Transmutations | 2 |  2.2
Stealth        | |  3.0

Action                   |  1- 3 |  4- 6 |  7- 9 || total
-------------------------+-------+-------+-------++-------
Melee: Club              |     3 |       |       ||     3
       Dagger            |    19 |       |       ||    19
       Whip              |    72 |   127 |    85 ||   284
 Fire: Hunting sling     |       |     3 |       ||     3
 Cast: Sandblast         |    19 |    18 |     9 ||    46
  Use: Scroll            |     4 |       |     4 ||     8
       Potion            |       |       |     1 ||     1
 Stab: Sleeping          |    10 |     3 |       ||    13
       Distracted        |       |     1 |       ||     1
  Eat: Ration            |       |     1 |       ||     1
Armor: Robe              |     7 |    15 |     9 ||    31
Dodge: Dodged            |    82 |   116 |    77 ||   275

Table legend:
 A = Non-vault XP
 B = Vault XP
 C = Vault XP percentage of total XP
 D = Non-vault monster count
 E = Vault monster count
 F = Vault count percentage of total count
                 A         B        C        D         E       F
            +---------+---------+-------+---------+---------+-------
      Total |    1349 |     148 |   9.9 |      90 |      16 |  15.1
            +---------+---------+-------+---------+---------+-------
        D:1 |      67 |       0 |   0.0 |      31 |       0 |   0.0
        D:2 |     170 |       0 |   0.0 |      25 |       0 |   0.0
        D:3 |     177 |       6 |   3.3 |      13 |       3 |  18.8
        D:4 |     277 |     135 |  32.8 |       9 |      12 |  57.1
        D:5 |     548 |       0 |   0.0 |      10 |       0 |   0.0
        D:6 |     110 |       7 |   6.0 |       2 |       1 |  33.3
            +---------+---------+-------+---------+---------+-------
